Adelaide Pink Elephants vs Tappara Tampere
Created - Tuesday, April 23, 2024 at 07:16
Goals
|
| Adelaide Pink Elephants |
0 |
0 |
3 |
3 |
| Tappara Tampere |
0 |
4 |
1 |
5 |
|
Shots
|
| Adelaide Pink Elephants |
2 |
6 |
25 |
33 |
| Tappara Tampere |
8 |
11 |
12 |
31 |
|
1st period
No Goal
Penalties :
Nick Cicek (APE) for Tripping (Minor) at 19:49
2nd period
1. Tappara Tampere , Anders Bjork 25 (Kent Johnson 36) at 0:12 (PP)
2. Tappara Tampere , Kiefer Sherwood 22 (Rocco Grimaldi 23, Stefan Noesen 36) at 6:33
3. Tappara Tampere , Anders Bjork 26 (Kent Johnson 37) at 9:33
4. Tappara Tampere , Anders Bjork 27 (Kent Johnson 38, Logan O'Connor 20) at 13:49 (PP)
Penalties :
Ryan Suzuki (APE) for Interference (Minor) at 12:30, Andreas Englund (TAP) for Fighting (Major) at 14:48, AJ Greer (APE) for Fighting (Major) at 14:48, AJ Greer (APE) for instigated a fight (Minor) at 14:48, AJ Greer (APE) for instigated a fight (10 Minutes Misconduct) at 14:48
3rd period
5. Adelaide Pink Elephants , Cal Clutterbuck 25 (Zachary Jones 17, Denis Gurianov 36) at 2:41 (PP)
6. Tappara Tampere , Mattias Janmark 14 (Stefan Noesen 37, Andreas Englund 11) at 8:43
7. Adelaide Pink Elephants , Denis Gurianov 36 (Adam Gaudette 44, Caleb Jones 17) at 9:43 (PP)
8. Adelaide Pink Elephants , Adam Gaudette 25 (Denis Gurianov 37) at 9:59 (PP)
Penalties :
Jan Rutta (TAP) for Fighting (Major) at 0:07, Jacob Bernard-Docker (APE) for Fighting (Major) at 0:07, Mattias Janmark (TAP) for Hooking (Minor) at 1:36, Andy Andreoff (TAP) for Slashing (Minor) at 9:08, Andreas Englund (TAP) for Hooking (Minor) at 9:54
Goalie Stats
Unknown Goalie (APE), 26 saves from 31 shots - (0.839), L, 0-1-0, 60:00 minutes
Charlie Lindgren (TAP), 30 saves from 33 shots - (0.909), W, 16-6-6, 60:00 minutes
Players Stats for Adelaide Pink Elephants
Player Name G A P +/- PIM S H SB GA TA FO MP PP MP PK MP
------------------------------------------------------------------------------------
Adam Gaudette 1 1 2 -2 0 4 1 1 0 0 10/14 20:07 0:55 1:48
AJ Greer 0 0 0 -2 17 1 1 2 1 0 0/0 12:28 0:00 0:00
Alex Vlasic 0 0 0 -1 0 0 0 1 0 2 0/0 9:47 0:00 0:00
Axel Jonsson-Fjallby 0 0 0 -1 0 6 1 2 1 0 0/0 18:54 0:00 0:00
Benjamin Gleason 0 0 0 -1 0 0 0 0 0 0 0/0 9:46 0:00 0:00
Cal Clutterbuck 1 0 1 -1 0 3 3 1 1 0 0/2 22:06 0:55 1:48
Caleb Jones 0 1 1 -1 0 1 2 0 0 2 0/0 19:27 1:00 1:56
Denis Gurianov 1 2 3 0 0 5 3 1 1 0 0/0 20:31 0:55 1:48
Fredrik Olofsson 0 0 0 0 0 2 2 0 0 1 0/0 17:25 0:00 0:05
Ilya Solovyov 0 0 0 0 0 0 0 0 0 0 0/0 4:45 0:40 0:00
Jacob Bernard-Docker 0 0 0 -1 5 1 0 1 0 1 0/0 16:22 0:05 1:45
Matthew Phillips 0 0 0 -1 0 1 0 0 1 0 3/8 19:19 0:50 1:48
Nick Cicek 0 0 0 -1 2 2 2 1 1 3 0/0 19:01 1:00 1:46
Robin Salo 0 0 0 0 0 2 0 2 0 0 0/0 13:08 0:00 0:10
Ryan Suzuki 0 0 0 -1 2 1 1 2 1 0 4/8 19:22 0:50 0:00
Tristen Robins 0 0 0 0 0 2 1 0 2 0 4/7 19:14 0:50 0:05
Ville Heinola 0 0 0 -1 0 2 1 3 0 0 0/0 16:03 0:00 0:00
Zachary Jones 0 1 1 -1 0 0 0 1 0 0 0/0 18:29 0:45 1:45
Players Stats for Tappara Tampere
Player Name G A P +/- PIM S H SB GA TA FO MP PP MP PK MP
------------------------------------------------------------------------------------
Alex Goligoski 0 0 0 0 0 0 2 2 0 0 0/0 20:20 1:54 0:40
Anders Bjork 3 0 3 1 0 5 2 0 2 3 1/2 18:20 2:06 0:57
Andreas Englund 0 1 1 0 7 2 2 1 0 0 0/0 18:07 0:00 1:40
Andrew Poturalski 0 0 0 1 0 2 1 1 1 1 1/1 13:52 0:00 0:00
Andy Andreoff 0 0 0 1 2 1 2 0 1 1 5/13 16:46 1:29 0:00
Calvin De Haan 0 0 0 0 0 1 1 0 0 1 0/0 20:41 0:00 0:00
Jan Rutta 0 0 0 3 5 2 0 0 0 0 0/0 18:16 1:47 0:00
John Klingberg 0 0 0 3 0 1 1 0 0 0 0/0 20:58 1:47 0:00
Kent Johnson 0 3 3 1 0 1 1 1 1 1 4/12 17:51 2:06 0:00
Kiefer Sherwood 1 0 1 1 0 3 2 1 0 1 0/0 15:00 0:00 0:25
Logan O'Connor 0 1 1 1 0 0 2 0 0 0 1/1 18:44 2:12 0:57
Lukas Svejkovsky 0 0 0 0 0 0 0 0 0 0 0/0 9:44 0:09 0:00
Mattias Janmark 1 0 1 1 2 2 2 0 1 1 1/2 17:09 1:29 0:23
Mattias Samuelsson 0 0 0 0 0 0 4 2 0 0 0/0 21:33 1:54 1:10
Phillip Di Giuseppe 0 0 0 0 0 3 1 0 1 0 0/0 9:22 0:00 0:00
Rocco Grimaldi 0 1 1 1 0 3 0 1 1 0 0/0 14:28 0:06 0:00
Stefan Noesen 0 2 2 1 0 5 3 0 1 0 4/6 17:37 1:26 0:48
William Eklund 0 0 0 0 0 0 2 0 0 0 1/2 9:22 0:00 0:00
3 Stars
1 - Anders Bjork (TAP)
2 - Denis Gurianov (APE)
3 - Kent Johnson (TAP)
Power Play
Adelaide Pink Elephants - 3 on 3 Attempt(s) - 100.00%
Tappara Tampere - 2 on 4 Attempt(s) - 50.00%
Penalty Kill
Adelaide Pink Elephants - 2 on 4 Attempt(s) - 50.00%
- Score 0 goal in Penalty Kill
Tappara Tampere - 0 on 3 Attempt(s) - 0.00%
- Score 0 goal in Penalty Kill
Team Stat
Adelaide Pink Elephants - Hits : 18 - Faceoff Wins : 21 - Blocked Shots : 18 - Penalty Minutes : 26
Tappara Tampere - Hits : 28 - Faceoff Wins : 18 - Blocked Shots : 9 - Penalty Minutes : 16
Official
Referees : Rob Martell and Mike Leggo
Linesman : Mark Shewchyk and Michel Cormier
Game Notes
Anders Bjork has scored a Hat Trick!
Andreas Englund beats up AJ Greer at 14:48 of 2nd period
19:24 of 2nd period - Penalty Shot by Alex Vlasic for Adelaide Pink Elephants - Stopped by Charlie Lindgren
Jan Rutta beats up Jacob Bernard-Docker at 0:07 of 3rd period
8:57 of 3rd period - Adelaide Pink Elephants goal is going for a video replay. After video review, No Goal. The net was displaced accidentally.
Adelaide Pink Elephants
5 vs 5 Forward
Center Left Wing Right Wing Time % Phy DF OF
1 Adam Gaudette Denis Gurianov Cal Clutterbuck 30 1 2 2
2 Matthew Phillips AJ Greer Ryan Suzuki 30 1 2 2
3 Tristen Robins Fredrik Olofsson Axel Jonsson-Fjallby 25 1 2 2
4 Ryan Suzuki Axel Jonsson-Fjallby Cal Clutterbuck 15 1 2 2
5 vs 5 Defense
Defense Defense Time % Phy DF OF
1 Caleb Jones Nick Cicek 30 1 2 2
2 Jacob Bernard-Docker Zachary Jones 30 1 2 2
3 Robin Salo Ville Heinola 25 1 2 2
4 Alex Vlasic Benjamin Gleason 15 1 2 2
PowerPlay Forward
Center Left Wing Right Wing Time % Phy DF OF
1 Adam Gaudette Denis Gurianov Cal Clutterbuck 50 1 2 2
2 Matthew Phillips AJ Greer Ryan Suzuki 50 1 2 2
PowerPlay Defense
Defense Defense Time % Phy DF OF
1 Caleb Jones Nick Cicek 50 1 2 2
2 Jacob Bernard-Docker Zachary Jones 50 1 2 2
Penalty Kill 4 Players Forward
Center Wing Time % Phy DF OF
1 Cal Clutterbuck Denis Gurianov 50 1 2 2
2 Adam Gaudette Matthew Phillips 50 1 2 2
Penalty Kill 4 Players Defense
Defense Defense Time % Phy DF OF
1 Caleb Jones Nick Cicek 50 1 2 2
2 Jacob Bernard-Docker Zachary Jones 50 1 2 2
Penalty Kill - 3 Players Forward
Forward Time % Phy DF OF
1 Cal Clutterbuck 50 1 2 2
2 Denis Gurianov 50 1 2 2
Penalty Kill - 3 Players Defense
Defense Defense Time % Phy DF OF
1 Caleb Jones Nick Cicek 50 1 2 2
2 Jacob Bernard-Docker Zachary Jones 50 1 2 2
4 vs 4 Forward
Center Wing Time % Phy DF OF
1 Cal Clutterbuck Denis Gurianov 50 1 2 2
2 Adam Gaudette Matthew Phillips 50 1 2 2
4 vs 4 Defense
Defense Defense Time % Phy DF OF
1 Caleb Jones Nick Cicek 50 1 2 2
2 Jacob Bernard-Docker Zachary Jones 50 1 2 2
Last Minutes Offensive
Center Left Wing Right Wing Defense Defense
Adam Gaudette Denis Gurianov Cal Clutterbuck Caleb Jones Nick Cicek
Last Minutes Defensive
Center Left Wing Right Wing Defense Defense
Adam Gaudette Denis Gurianov Cal Clutterbuck Caleb Jones Nick Cicek
Goaltenders
Starting : Unknown Goalie
Backup : Unknown Goalie
Extra Forwards
Normal : Tristen Robins, Fredrik Olofsson, AJ Greer - PP : Tristen Robins, Fredrik Olofsson - PK : AJ Greer
Extra Defensemen
Normal : Ilya Solovyov, Robin Salo, Ville Heinola - PP : Ilya Solovyov - PK : Robin Salo, Ville Heinola
Penalty Shots
Cal Clutterbuck, Denis Gurianov, Adam Gaudette, Matthew Phillips, AJ Greer
Tappara Tampere
5 vs 5 Forward
Center Left Wing Right Wing Time % Phy DF OF
1 Andy Andreoff Stefan Noesen Mattias Janmark 31 1 2 2
2 Kent Johnson Logan O'Connor Anders Bjork 31 1 2 2
3 Andrew Poturalski Rocco Grimaldi Kiefer Sherwood 28 1 2 2
4 William Eklund Phillip Di Giuseppe Lukas Svejkovsky 10 1 2 2
5 vs 5 Defense
Defense Defense Time % Phy DF OF
1 John Klingberg Jan Rutta 34 1 3 1
2 Mattias Samuelsson Alex Goligoski 33 1 3 1
3 Calvin De Haan Andreas Englund 33 2 2 1
4 John Klingberg Jan Rutta 0 1 2 2
PowerPlay Forward
Center Left Wing Right Wing Time % Phy DF OF
1 Andy Andreoff Stefan Noesen Mattias Janmark 50 1 2 2
2 Kent Johnson Logan O'Connor Anders Bjork 50 1 2 2
PowerPlay Defense
Defense Defense Time % Phy DF OF
1 John Klingberg Jan Rutta 50 1 2 2
2 Mattias Samuelsson Alex Goligoski 50 1 2 2
Penalty Kill 4 Players Forward
Center Wing Time % Phy DF OF
1 Stefan Noesen Mattias Janmark 50 1 3 1
2 Logan O'Connor Anders Bjork 50 2 2 1
Penalty Kill 4 Players Defense
Defense Defense Time % Phy DF OF
1 Mattias Samuelsson Jan Rutta 50 2 2 1
2 Andreas Englund Alex Goligoski 50 2 2 1
Penalty Kill - 3 Players Forward
Forward Time % Phy DF OF
1 Stefan Noesen 50 1 3 1
2 Mattias Janmark 50 1 3 1
Penalty Kill - 3 Players Defense
Defense Defense Time % Phy DF OF
1 Mattias Samuelsson Jan Rutta 50 2 2 1
2 Andreas Englund Alex Goligoski 50 2 2 1
4 vs 4 Forward
Center Wing Time % Phy DF OF
1 Stefan Noesen Phillip Di Giuseppe 50 1 2 2
2 Logan O'Connor Kent Johnson 50 1 2 2
4 vs 4 Defense
Defense Defense Time % Phy DF OF
1 John Klingberg Jan Rutta 50 1 2 2
2 Mattias Samuelsson Alex Goligoski 50 1 2 2
Last Minutes Offensive
Center Left Wing Right Wing Defense Defense
Andy Andreoff Phillip Di Giuseppe Stefan Noesen John Klingberg Mattias Samuelsson
Last Minutes Defensive
Center Left Wing Right Wing Defense Defense
Andy Andreoff Stefan Noesen Mattias Janmark Jan Rutta Mattias Samuelsson
Goaltenders
Starting : Charlie Lindgren
Backup : Petr Mrazek
Extra Forwards
Normal : Kent Johnson, Rocco Grimaldi, Kiefer Sherwood - PP : Lukas Svejkovsky, Rocco Grimaldi - PK : Kiefer Sherwood
Extra Defensemen
Normal : Calvin De Haan, John Klingberg, Mattias Samuelsson - PP : Calvin De Haan - PK : Andreas Englund, Mattias Samuelsson
Penalty Shots
Stefan Noesen, Mattias Janmark, Logan O'Connor, Anders Bjork, Andy Andreoff
% Time on Ice - Adelaide Pink Elephants
Lines # - Real PCT - Wanted PCT - Time Play
Normal Forward
1 - 27% - 30% - 14:48
2 - 40% - 30% - 21:47
3 - 25% - 25% - 13:33
4 - 8% - 15% - 4:26
Normal Defense
1 - 30% - 30% - 16:16
2 - 29% - 30% - 15:59
3 - 23% - 25% - 12:32
4 - 18% - 15% - 9:47
PP Forward
1 - 52% - 50% - 0:55
2 - 48% - 50% - 0:50
PP Defense
1 - 57% - 50% - 1:00
2 - 43% - 50% - 0:45
PK Forward
1 - 51% - 50% - 1:53
2 - 49% - 50% - 1:48
PK Defense
1 - 52% - 50% - 1:56
2 - 48% - 50% - 1:45
PK3 Forward
1 - 0% - 50%
2 - 0% - 50%
PK3 Defense
1 - 0% - 50%
2 - 0% - 50%
44 Forward
1 - 0% - 50%
2 - 0% - 50%
44 Defense
1 - 0% - 50%
2 - 0% - 50%
Last Minute Offensive - 0:00
Last Minute Defensive - 0:00
Total
Forward - 60:00
Defense - 60:00
|
% Time on Ice - Tappara Tampere
Lines # - Real PCT - Wanted PCT - Time Play
Normal Forward
1 - 29% - 31% - 15:51
2 - 28% - 31% - 15:29
3 - 25% - 28% - 13:52
4 - 17% - 10% - 9:22
Normal Defense
1 - 35% - 34% - 18:56
2 - 33% - 33% - 17:46
3 - 33% - 33% - 17:45
4 - 0% - 0% - 0:07
PP Forward
1 - 40% - 50% - 1:29
2 - 60% - 50% - 2:12
PP Defense
1 - 48% - 50% - 1:47
2 - 52% - 50% - 1:54
PK Forward
1 - 46% - 50% - 0:48
2 - 54% - 50% - 0:57
PK Defense
1 - 62% - 50% - 1:05
2 - 38% - 50% - 0:40
PK3 Forward
1 - 0% - 50%
2 - 0% - 50%
PK3 Defense
1 - 0% - 50%
2 - 0% - 50%
44 Forward
1 - 0% - 50%
2 - 0% - 50%
44 Defense
1 - 0% - 50%
2 - 0% - 50%
Last Minute Offensive - 0:00
Last Minute Defensive - 0:00
Total
Forward - 60:00
Defense - 60:00
|
Play-by-Play
1st period
0:01 of 1st period - Adam Gaudette wins face-off versus Andy Andreoff in neutral zone.
0:04 of 1st period - John Klingberg is hit by Caleb Jones and loses puck.
0:33 of 1st period - Snap shot by Anders Bjork.
0:33 of 1st period - Stopped by Unknown Goalie with a rebound.
0:45 of 1st period - Alex Goligoski is hit by Caleb Jones and loses puck.
0:52 of 1st period - Wrist shot by Rocco Grimaldi.
0:52 of 1st period - Stopped by Unknown Goalie with a rebound.
0:54 of 1st period - Slapshot by Alex Goligoski.
0:54 of 1st period - Shot Blocked by Nick Cicek.
1:40 of 1st period - Anders Bjork is hit by Fredrik Olofsson and loses puck.
2:34 of 1st period - AJ Greer is hit by John Klingberg and loses puck.
2:52 of 1st period - Cal Clutterbuck is hit by Mattias Janmark.
3:10 of 1st period - Snap shot by Kent Johnson.
3:10 of 1st period - Shot Misses the Net.
3:12 of 1st period - Slapshot by Jan Rutta.
3:12 of 1st period - Stopped by Unknown Goalie with a rebound.
4:34 of 1st period - Phillip Di Giuseppe is hit by Ryan Suzuki and loses puck.
4:47 of 1st period - Caleb Jones is hit by Andreas Englund and loses puck.
5:37 of 1st period - Lukas Svejkovsky is hit by Axel Jonsson-Fjallby and loses puck.
5:58 of 1st period - Snap shot by Andrew Poturalski.
5:58 of 1st period - Deflect By Kiefer Sherwood.
5:58 of 1st period - Shot Blocked by AJ Greer.
5:58 of 1st period - Puck is out of play.
5:59 of 1st period - Andy Andreoff wins face-off versus Matthew Phillips in Adelaide Pink Elephants zone.
6:00 of 1st period - Wrist shot by Stefan Noesen.
6:00 of 1st period - Stopped by Unknown Goalie with a rebound.
6:02 of 1st period - Wrist shot by Andy Andreoff.
6:02 of 1st period - Shot Blocked by Zachary Jones.
6:04 of 1st period - Snap shot by Jan Rutta.
6:04 of 1st period - Shot Blocked by AJ Greer.
6:06 of 1st period - Slapshot by Jan Rutta.
6:06 of 1st period - Stopped by Unknown Goalie with a rebound.
6:10 of 1st period - Slapshot by Stefan Noesen.
6:10 of 1st period - Stopped by Unknown Goalie with a rebound.
6:12 of 1st period - Wrist shot by Andy Andreoff.
6:12 of 1st period - Stopped by Unknown Goalie with a rebound.
6:24 of 1st period - Logan O'Connor is hit by Denis Gurianov and loses puck.
10:06 of 1st period - Snap shot by Kent Johnson.
10:06 of 1st period - Deflect By Tristen Robins.
10:06 of 1st period - Shot Misses the Net.
10:06 of 1st period - Puck is out of play.
10:07 of 1st period - Kent Johnson wins face-off versus Tristen Robins in Adelaide Pink Elephants zone.
10:10 of 1st period - Snap shot by Kent Johnson.
10:10 of 1st period - Shot Blocked by Jacob Bernard-Docker.
10:12 of 1st period - Snap shot by Anders Bjork.
10:12 of 1st period - Shot Misses the Net.
10:41 of 1st period - Wrist shot by Kiefer Sherwood.
10:41 of 1st period - Stopped by Unknown Goalie with a rebound.
11:12 of 1st period - Axel Jonsson-Fjallby is hit by Mattias Samuelsson and loses puck.
11:33 of 1st period - Ryan Suzuki is hit by Kiefer Sherwood and loses puck.
11:48 of 1st period - Nick Cicek is hit by Stefan Noesen and loses puck.
12:15 of 1st period - Cal Clutterbuck is hit by Andreas Englund and loses puck.
13:32 of 1st period - Jacob Bernard-Docker is hit by Logan O'Connor and loses puck.
14:31 of 1st period - Nick Cicek is hit by Phillip Di Giuseppe and loses puck.
15:09 of 1st period - Snap shot by Kent Johnson.
15:09 of 1st period - Shot Misses the Net.
15:33 of 1st period - Kiefer Sherwood is hit by Cal Clutterbuck and loses puck.
15:56 of 1st period - Wrist shot by Robin Salo.
15:56 of 1st period - Stopped by Charlie Lindgren with a rebound.
17:04 of 1st period - Adam Gaudette is hit by William Eklund and loses puck.
17:11 of 1st period - Snap shot by Phillip Di Giuseppe.
17:11 of 1st period - Deflect By Adam Gaudette.
17:11 of 1st period - Shot Misses the Net.
17:11 of 1st period - Puck is out of play.
17:12 of 1st period - Tristen Robins wins face-off versus Kent Johnson in Adelaide Pink Elephants zone.
17:12 of 1st period - Tristen Robins is hit by Anders Bjork.
18:02 of 1st period - Robin Salo is hit by Logan O'Connor and loses puck.
18:30 of 1st period - Off-side.
18:31 of 1st period - Tristen Robins wins face-off versus William Eklund in neutral zone.
18:38 of 1st period - Snap shot by Fredrik Olofsson.
18:38 of 1st period - Stopped by Charlie Lindgren with a rebound.
18:54 of 1st period - Mattias Samuelsson is hit by Cal Clutterbuck and loses puck.
19:18 of 1st period - AJ Greer is hit by Alex Goligoski and loses puck.
19:49 of 1st period - Minor Penalty to Nick Cicek for Tripping.
19:50 of 1st period - Mattias Janmark wins face-off versus Cal Clutterbuck in Adelaide Pink Elephants zone.
19:55 of 1st period - Snap shot by Mattias Janmark.
19:55 of 1st period - Shot Blocked by Cal Clutterbuck.
Goals for this period are 0 for Adelaide Pink Elephants vs 0 for Tappara Tampere.
Shots for this period are 2 for Adelaide Pink Elephants vs 8 for Tappara Tampere.
2nd period
0:01 of 2nd period - Anders Bjork wins face-off versus Adam Gaudette in neutral zone.
0:12 of 2nd period - Snap shot by Anders Bjork.
0:12 of 2nd period - Goal by Anders Bjork - Adelaide Pink Elephants : 0 - Tappara Tampere : 1.
0:13 of 2nd period - Kent Johnson wins face-off versus Ryan Suzuki in neutral zone.
0:16 of 2nd period - Snap shot by Kent Johnson.
0:16 of 2nd period - Shot Blocked by Ville Heinola.
0:40 of 2nd period - Andy Andreoff is hit by Denis Gurianov and loses puck.
1:20 of 2nd period - Snap shot by Denis Gurianov.
1:20 of 2nd period - Stopped by Charlie Lindgren without a rebound.
1:21 of 2nd period - William Eklund wins face-off versus Adam Gaudette in Tappara Tampere zone.
2:54 of 2nd period - Ryan Suzuki is hit by William Eklund and loses puck.
3:17 of 2nd period - Caleb Jones is hit by Alex Goligoski and loses puck.
5:42 of 2nd period - Snap shot by Rocco Grimaldi.
5:42 of 2nd period - Shot Blocked by Alex Vlasic.
6:12 of 2nd period - Ryan Suzuki is hit by Stefan Noesen and loses puck.
6:33 of 2nd period - Snap shot by Kiefer Sherwood.
6:33 of 2nd period - Goal by Kiefer Sherwood - Adelaide Pink Elephants : 0 - Tappara Tampere : 2.
6:34 of 2nd period - Kent Johnson wins face-off versus Tristen Robins in neutral zone.
7:19 of 2nd period - Backhand shot by Fredrik Olofsson.
7:19 of 2nd period - Shot Blocked by Rocco Grimaldi.
7:21 of 2nd period - Slapshot by Ville Heinola.
7:21 of 2nd period - Stopped by Charlie Lindgren with a rebound.
7:23 of 2nd period - Snap shot by Tristen Robins.
7:23 of 2nd period - Shot Blocked by Andrew Poturalski.
7:25 of 2nd period - Slapshot by Fredrik Olofsson.
7:25 of 2nd period - Shot Misses the Net.
7:53 of 2nd period - Wrist shot by Rocco Grimaldi.
7:53 of 2nd period - Shot Blocked by Ville Heinola.
8:04 of 2nd period - Slapshot by Ville Heinola.
8:04 of 2nd period - Stopped by Charlie Lindgren with a rebound.
8:06 of 2nd period - Wrist shot by Axel Jonsson-Fjallby.
8:06 of 2nd period - Shot Misses the Net.
8:08 of 2nd period - Slapshot by Tristen Robins.
8:08 of 2nd period - Stopped by Charlie Lindgren with a rebound.
8:10 of 2nd period - Slapshot by Robin Salo.
8:10 of 2nd period - Stopped by Charlie Lindgren without a rebound.
8:11 of 2nd period - Adam Gaudette wins face-off versus Andy Andreoff in Tappara Tampere zone.
8:14 of 2nd period - Snap shot by Cal Clutterbuck.
8:14 of 2nd period - Shot Misses the Net.
8:43 of 2nd period - Snap shot by Matthew Phillips.
8:43 of 2nd period - Shot Misses the Net.
8:49 of 2nd period - Jacob Bernard-Docker is hit by Kent Johnson and loses puck.
9:04 of 2nd period - Slapshot by Phillip Di Giuseppe.
9:04 of 2nd period - Stopped by Unknown Goalie with a rebound.
9:06 of 2nd period - Wrist shot by Phillip Di Giuseppe.
9:06 of 2nd period - Stopped by Unknown Goalie without a rebound.
9:07 of 2nd period - Adam Gaudette wins face-off versus Andy Andreoff in Adelaide Pink Elephants zone.
9:07 of 2nd period - Adam Gaudette is hit by Mattias Samuelsson.
9:25 of 2nd period - Snap shot by AJ Greer.
9:25 of 2nd period - Stopped by Charlie Lindgren without a rebound.
9:26 of 2nd period - Matthew Phillips wins face-off versus Kent Johnson in Tappara Tampere zone.
9:33 of 2nd period - Snap shot by Anders Bjork.
9:33 of 2nd period - Goal by Anders Bjork - Adelaide Pink Elephants : 0 - Tappara Tampere : 3.
9:34 of 2nd period - Andy Andreoff wins face-off versus Ryan Suzuki in neutral zone.
9:37 of 2nd period - Snap shot by Mattias Janmark.
9:37 of 2nd period - Shot Blocked by Ryan Suzuki.
9:47 of 2nd period - Snap shot by Stefan Noesen.
9:47 of 2nd period - Shot Misses the Net.
10:28 of 2nd period - Snap shot by Andrew Poturalski.
10:28 of 2nd period - Stopped by Unknown Goalie with a rebound.
11:12 of 2nd period - Snap shot by Stefan Noesen.
11:12 of 2nd period - Shot Misses the Net.
11:52 of 2nd period - Andrew Poturalski is hit by Denis Gurianov.
12:08 of 2nd period - Nick Cicek is hit by Calvin De Haan and loses puck.
12:30 of 2nd period - Minor Penalty to Ryan Suzuki for Interference.
12:31 of 2nd period - Adam Gaudette wins face-off versus Andy Andreoff in Adelaide Pink Elephants zone.
12:31 of 2nd period - Adam Gaudette is hit by Andy Andreoff.
13:00 of 2nd period - Snap shot by Kent Johnson.
13:00 of 2nd period - Shot Misses the Net.
13:02 of 2nd period - Slapshot by Mattias Samuelsson.
13:02 of 2nd period - Deflect By Kent Johnson.
13:02 of 2nd period - Shot Misses the Net.
13:02 of 2nd period - Puck is out of play.
13:03 of 2nd period - Adam Gaudette wins face-off versus Kent Johnson in Adelaide Pink Elephants zone.
13:08 of 2nd period - Snap shot by Adam Gaudette.
13:08 of 2nd period - Shot Blocked by Mattias Samuelsson.
13:49 of 2nd period - Wrist shot by Anders Bjork.
13:49 of 2nd period - Goal by Anders Bjork - Adelaide Pink Elephants : 0 - Tappara Tampere : 4.
13:50 of 2nd period - Stefan Noesen wins face-off versus Ryan Suzuki in neutral zone.
14:15 of 2nd period - Adam Gaudette is hit by Kiefer Sherwood.
14:25 of 2nd period - Slapshot by Rocco Grimaldi.
14:25 of 2nd period - Stopped by Unknown Goalie with a rebound.
14:48 of 2nd period - Andreas Englund beats up AJ Greer.
14:48 of 2nd period - Penalty to Andreas Englund for Fighting.
14:48 of 2nd period - Penalty to AJ Greer for Fighting.
14:48 of 2nd period - Penalty to AJ Greer for instigated a fight.
14:48 of 2nd period - Penalty to AJ Greer for instigated a fight.
14:49 of 2nd period - Adam Gaudette wins face-off versus Stefan Noesen in Tappara Tampere zone.
14:52 of 2nd period - Backhand shot by Adam Gaudette.
14:52 of 2nd period - Shot Misses the Net.
14:58 of 2nd period - Slapshot by John Klingberg.
14:58 of 2nd period - Stopped by Unknown Goalie with a rebound.
15:00 of 2nd period - Slapshot by Stefan Noesen.
15:00 of 2nd period - Shot Misses the Net.
15:02 of 2nd period - Wrist shot by John Klingberg.
15:02 of 2nd period - Shot Hit the Post.
15:04 of 2nd period - Snap shot by Mattias Janmark.
15:04 of 2nd period - Shot Blocked by Adam Gaudette.
16:08 of 2nd period - Nick Cicek is hit by Mattias Samuelsson and loses puck.
16:48 of 2nd period - Penalty to AJ Greer is over, Ville Heinola is send on ice.
17:02 of 2nd period - Wrist shot by Andrew Poturalski.
17:02 of 2nd period - Stopped by Unknown Goalie with a rebound.
17:04 of 2nd period - Slapshot by Mattias Samuelsson.
17:04 of 2nd period - Shot Blocked by Axel Jonsson-Fjallby.
18:06 of 2nd period - Adam Gaudette is hit by Anders Bjork and loses puck.
19:22 of 2nd period - Wrist shot by Phillip Di Giuseppe.
19:22 of 2nd period - Stopped by Unknown Goalie with a rebound.
19:24 of 2nd period - Penalty Shot by Alex Vlasic for Adelaide Pink Elephants.
19:24 of 2nd period - Snap shot by Alex Vlasic.
19:24 of 2nd period - Stopped by Charlie Lindgren.
19:25 of 2nd period - Tristen Robins wins face-off versus Kent Johnson in Adelaide Pink Elephants zone.
Goals for this period are 0 for Adelaide Pink Elephants vs 4 for Tappara Tampere.
Shots for this period are 6 for Adelaide Pink Elephants vs 11 for Tappara Tampere.
3rd period
0:01 of 3rd period - Ryan Suzuki wins face-off versus Andy Andreoff in neutral zone.
0:07 of 3rd period - Jan Rutta beats up Jacob Bernard-Docker.
0:07 of 3rd period - Penalty to Jan Rutta for Fighting.
0:07 of 3rd period - Penalty to Jacob Bernard-Docker for Fighting.
0:08 of 3rd period - Ryan Suzuki wins face-off versus Kent Johnson in Tappara Tampere zone.
0:15 of 3rd period - Snap shot by Cal Clutterbuck.
0:15 of 3rd period - Shot Misses the Net.
0:17 of 3rd period - Slapshot by Axel Jonsson-Fjallby.
0:17 of 3rd period - Shot Misses the Net.
0:35 of 3rd period - Stefan Noesen is hit by Adam Gaudette and loses puck.
0:48 of 3rd period - Slapshot by John Klingberg.
0:48 of 3rd period - Shot Misses the Net.
1:36 of 3rd period - Minor Penalty to Mattias Janmark for Hooking.
1:37 of 3rd period - Stefan Noesen wins face-off versus Matthew Phillips in Tappara Tampere zone.
1:46 of 3rd period - Wrist shot by Ryan Suzuki.
1:46 of 3rd period - Stopped by Charlie Lindgren without a rebound.
1:47 of 3rd period - Logan O'Connor wins face-off versus Matthew Phillips in Tappara Tampere zone.
2:04 of 3rd period - Off-side.
2:05 of 3rd period - Stefan Noesen wins face-off versus Adam Gaudette in neutral zone.
2:41 of 3rd period - Snap shot by Cal Clutterbuck.
2:41 of 3rd period - Goal by Cal Clutterbuck - Adelaide Pink Elephants : 1 - Tappara Tampere : 4.
2:42 of 3rd period - Andy Andreoff wins face-off versus Ryan Suzuki in neutral zone.
2:52 of 3rd period - Ryan Suzuki is hit by Mattias Janmark and loses puck.
3:09 of 3rd period - Zachary Jones is hit by Andrew Poturalski and loses puck.
3:32 of 3rd period - Snap shot by Robin Salo.
3:32 of 3rd period - Deflect By Axel Jonsson-Fjallby.
3:32 of 3rd period - Stopped by Charlie Lindgren with a rebound.
3:34 of 3rd period - Wrist shot by Axel Jonsson-Fjallby.
3:34 of 3rd period - Stopped by Charlie Lindgren with a rebound.
3:36 of 3rd period - Slapshot by Nick Cicek.
3:36 of 3rd period - Stopped by Charlie Lindgren with a rebound.
3:38 of 3rd period - Slapshot by Nick Cicek.
3:38 of 3rd period - Shot Misses the Net.
3:40 of 3rd period - Snap shot by Nick Cicek.
3:40 of 3rd period - Stopped by Charlie Lindgren without a rebound.
3:41 of 3rd period - Matthew Phillips wins face-off versus Andy Andreoff in Tappara Tampere zone.
3:42 of 3rd period - Snap shot by Ryan Suzuki.
3:42 of 3rd period - Shot Blocked by Mattias Samuelsson.
5:10 of 3rd period - Snap shot by Stefan Noesen.
5:10 of 3rd period - Stopped by Unknown Goalie with a rebound.
5:12 of 3rd period - Wrist shot by Stefan Noesen.
5:12 of 3rd period - Stopped by Unknown Goalie with a rebound.
6:57 of 3rd period - Alex Vlasic is hit by Mattias Samuelsson and loses puck.
7:44 of 3rd period - Mattias Samuelsson is hit by Cal Clutterbuck.
8:01 of 3rd period - Slapshot by Caleb Jones.
8:01 of 3rd period - Stopped by Charlie Lindgren without a rebound.
8:02 of 3rd period - Andrew Poturalski wins face-off versus Matthew Phillips in Tappara Tampere zone.
8:02 of 3rd period - Andrew Poturalski is hit by Nick Cicek.
8:08 of 3rd period - Slapshot by Alex Goligoski.
8:08 of 3rd period - Deflect By Kiefer Sherwood.
8:08 of 3rd period - Stopped by Unknown Goalie with a rebound.
8:10 of 3rd period - Slapshot by Alex Goligoski.
8:10 of 3rd period - Shot Misses the Net.
8:12 of 3rd period - Snap shot by Rocco Grimaldi.
8:12 of 3rd period - Stopped by Unknown Goalie with a rebound.
8:14 of 3rd period - Slapshot by Andreas Englund.
8:14 of 3rd period - Stopped by Unknown Goalie with a rebound.
8:16 of 3rd period - Wrist shot by Andrew Poturalski.
8:16 of 3rd period - Shot Misses the Net.
8:36 of 3rd period - Zachary Jones is hit by Andy Andreoff and loses puck.
8:43 of 3rd period - Snap shot by Mattias Janmark.
8:43 of 3rd period - Goal by Mattias Janmark - Adelaide Pink Elephants : 1 - Tappara Tampere : 5.
8:44 of 3rd period - Tristen Robins wins face-off versus Kent Johnson in neutral zone.
8:53 of 3rd period - Slapshot by Fredrik Olofsson.
8:53 of 3rd period - Stopped by Charlie Lindgren with a rebound.
8:55 of 3rd period - Snap shot by Axel Jonsson-Fjallby.
8:55 of 3rd period - Stopped by Charlie Lindgren with a rebound.
8:57 of 3rd period - Slapshot by Tristen Robins.
8:57 of 3rd period - Adelaide Pink Elephants goal is going for a video replay.
8:57 of 3rd period - The goal is refused. The net was displaced accidentally..
8:58 of 3rd period - Adam Gaudette wins face-off versus Andy Andreoff in Tappara Tampere zone.
9:03 of 3rd period - Snap shot by Denis Gurianov.
9:03 of 3rd period - Stopped by Charlie Lindgren without a rebound.
9:04 of 3rd period - Adam Gaudette wins face-off versus Andy Andreoff in Tappara Tampere zone.
9:08 of 3rd period - Minor Penalty to Andy Andreoff for Slashing.
9:09 of 3rd period - Matthew Phillips wins face-off versus Stefan Noesen in Tappara Tampere zone.
9:11 of 3rd period - Snap shot by Matthew Phillips.
9:11 of 3rd period - Stopped by Charlie Lindgren without a rebound.
9:12 of 3rd period - Stefan Noesen wins face-off versus Matthew Phillips in Tappara Tampere zone.
9:43 of 3rd period - Slapshot by Denis Gurianov.
9:43 of 3rd period - Goal by Denis Gurianov - Adelaide Pink Elephants : 2 - Tappara Tampere : 5.
9:44 of 3rd period - Ryan Suzuki wins face-off versus Anders Bjork in neutral zone.
9:47 of 3rd period - Snap shot by Ryan Suzuki.
9:47 of 3rd period - Shot Blocked by Andreas Englund.
9:48 of 3rd period - 10 Minutes Misconduct Penalty to AJ Greer is over.
9:49 of 3rd period - Snap shot by Jacob Bernard-Docker.
9:49 of 3rd period - Stopped by Charlie Lindgren without a rebound.
9:50 of 3rd period - Ryan Suzuki wins face-off versus Kent Johnson in Tappara Tampere zone.
9:54 of 3rd period - Minor Penalty to Andreas Englund for Hooking.
9:55 of 3rd period - Adam Gaudette wins face-off versus Mattias Janmark in Tappara Tampere zone.
9:57 of 3rd period - Backhand shot by Adam Gaudette.
9:57 of 3rd period - Stopped by Charlie Lindgren with a rebound.
9:59 of 3rd period - Snap shot by Adam Gaudette.
9:59 of 3rd period - Goal by Adam Gaudette - Adelaide Pink Elephants : 3 - Tappara Tampere : 5.
10:00 of 3rd period - Andy Andreoff wins face-off versus Cal Clutterbuck in neutral zone.
10:03 of 3rd period - Slapshot by Calvin De Haan.
10:03 of 3rd period - Shot Blocked by Axel Jonsson-Fjallby.
10:05 of 3rd period - Wrist shot by Mattias Janmark.
10:05 of 3rd period - Shot Blocked by Ryan Suzuki.
10:07 of 3rd period - Wrist shot by Stefan Noesen.
10:07 of 3rd period - Shot Blocked by Robin Salo.
10:09 of 3rd period - Slapshot by Andreas Englund.
10:09 of 3rd period - Shot Blocked by Ville Heinola.
10:11 of 3rd period - Slapshot by Calvin De Haan.
10:11 of 3rd period - Stopped by Unknown Goalie with a rebound.
10:13 of 3rd period - Wrist shot by Calvin De Haan.
10:13 of 3rd period - Deflect By Stefan Noesen.
10:13 of 3rd period - Shot Misses the Net.
10:13 of 3rd period - Puck is out of play.
10:14 of 3rd period - Kent Johnson wins face-off versus Adam Gaudette in Adelaide Pink Elephants zone.
10:17 of 3rd period - Wrist shot by Anders Bjork.
10:17 of 3rd period - Stopped by Unknown Goalie with a rebound.
10:39 of 3rd period - Mattias Janmark is hit by Fredrik Olofsson and loses puck.
10:48 of 3rd period - Wrist shot by Fredrik Olofsson.
10:48 of 3rd period - Shot Misses the Net.
11:06 of 3rd period - Calvin De Haan is hit by AJ Greer and loses puck.
11:29 of 3rd period - Snap shot by Denis Gurianov.
11:29 of 3rd period - Stopped by Charlie Lindgren without a rebound.
11:30 of 3rd period - Adam Gaudette wins face-off versus Kent Johnson in Tappara Tampere zone.
11:31 of 3rd period - Snap shot by Cal Clutterbuck.
11:31 of 3rd period - Stopped by Charlie Lindgren with a rebound.
11:33 of 3rd period - Slapshot by Adam Gaudette.
11:33 of 3rd period - Stopped by Charlie Lindgren with a rebound.
11:35 of 3rd period - Slapshot by Benjamin Gleason.
11:35 of 3rd period - Shot Misses the Net.
11:37 of 3rd period - Slapshot by Adam Gaudette.
11:37 of 3rd period - Shot Blocked by Kent Johnson.
11:39 of 3rd period - Slapshot by Denis Gurianov.
11:39 of 3rd period - Shot Misses the Net.
11:41 of 3rd period - Slapshot by Benjamin Gleason.
11:41 of 3rd period - Deflect By Denis Gurianov.
11:41 of 3rd period - Stopped by Charlie Lindgren with a rebound.
11:43 of 3rd period - Slapshot by Alex Vlasic.
11:43 of 3rd period - Shot Misses the Net.
11:45 of 3rd period - Wrist shot by Cal Clutterbuck.
11:45 of 3rd period - Stopped by Charlie Lindgren with a rebound.
12:37 of 3rd period - Snap shot by Kent Johnson.
12:37 of 3rd period - Stopped by Unknown Goalie with a rebound.
12:55 of 3rd period - Snap shot by Adam Gaudette.
12:55 of 3rd period - Stopped by Charlie Lindgren without a rebound.
12:56 of 3rd period - Andy Andreoff wins face-off versus Tristen Robins in Tappara Tampere zone.
13:01 of 3rd period - Snap shot by Axel Jonsson-Fjallby.
13:01 of 3rd period - Stopped by Charlie Lindgren with a rebound.
13:03 of 3rd period - Snap shot by Axel Jonsson-Fjallby.
13:03 of 3rd period - Stopped by Charlie Lindgren with a rebound.
13:05 of 3rd period - Wrist shot by Axel Jonsson-Fjallby.
13:05 of 3rd period - Stopped by Charlie Lindgren with a rebound.
13:07 of 3rd period - Snap shot by Fredrik Olofsson.
13:07 of 3rd period - Shot Blocked by Alex Goligoski.
13:11 of 3rd period - Snap shot by Tristen Robins.
13:11 of 3rd period - Shot Misses the Net.
13:26 of 3rd period - Snap shot by Matthew Phillips.
13:26 of 3rd period - Shot Blocked by Kiefer Sherwood.
13:28 of 3rd period - Snap shot by Ryan Suzuki.
13:28 of 3rd period - Shot Blocked by Alex Goligoski.
14:24 of 3rd period - Slapshot by Rocco Grimaldi.
14:24 of 3rd period - Shot Misses the Net.
14:26 of 3rd period - Wrist shot by Rocco Grimaldi.
14:26 of 3rd period - Shot Blocked by Robin Salo.
14:28 of 3rd period - Snap shot by Andreas Englund.
14:28 of 3rd period - Stopped by Unknown Goalie with a rebound.
14:40 of 3rd period - Phillip Di Giuseppe is hit by Tristen Robins and loses puck.
15:23 of 3rd period - Snap shot by Stefan Noesen.
15:23 of 3rd period - Stopped by Unknown Goalie with a rebound.
17:12 of 3rd period - Andreas Englund is hit by Ville Heinola.
17:20 of 3rd period - Backhand shot by Rocco Grimaldi.
17:20 of 3rd period - Shot Misses the Net.
17:22 of 3rd period - Slapshot by Calvin De Haan.
17:22 of 3rd period - Shot Blocked by Denis Gurianov.
17:38 of 3rd period - Snap shot by Mattias Janmark.
17:38 of 3rd period - Stopped by Unknown Goalie with a rebound.
18:35 of 3rd period - Stefan Noesen is hit by Nick Cicek and loses puck.
19:58 of 3rd period - Axel Jonsson-Fjallby is hit by Stefan Noesen and loses puck.
Goals for this period are 3 for Adelaide Pink Elephants vs 1 for Tappara Tampere.
Shots for this period are 25 for Adelaide Pink Elephants vs 12 for Tappara Tampere.
Back to the Top